AoeStats
← JRazzz

QS Arena

503238653Analyzed
4v4 RM · 1mo ago on Aug 30, 2026· 34m 29s· 8 players
Game mode
Random Map
Map size
Large (8 player)
Population
200
Speed
Normal
Resources
Standard
Victory
Conquest
Starting age
Dark Age
Ending age
Imperial Age
RankedLock teamsTeams togetherTeam positionsShared explorationLock speedFull tech treeHidden civsTurbo modeCheats
Victory
Defeat
🇬🇧 Spanish · United Kingdom
1370
+15
🇹🇷 Cumans · Türkiye
1362
+15
🇨🇳 Khmer · China
1337
+17
🇹🇷 Armenians · Türkiye
1316
+18
🇬🇧 Wei · United Kingdom
1375
-17
🇧🇷 Bohemians · Brazil
1365
-17
🇦🇷 Shu · Argentina
1332
-15
🇺🇸 Mapuche · United States
1329
-15
CatyKat
6:49 Feudal Age
6:15 Loom
11:19 Horse Collar
14:31 Double-Bit Axe
19:21 Castle Age
19:29 Wheelbarrow
20:06 Gold Mining
21:34 Bow Saw
22:10 Heavy Plow
22:53 Gold Shaft Mining
25:54 Scale Barding Armor
26:06 Capped Ram
27:15 Bloodlines
27:21 Forging
28:21 Chain Barding Armor
29:35 Iron Casting
31:42 Imperial Age
31:49 Cavalier
32:58 Light Cavalry
33:46 Paladin
34:35 Stone Mining
SeemsFishy
8:42 Feudal Age
12:23 Castle Age
10:30 Double-Bit Axe
10:53 Horse Collar
13:14 Bow Saw
13:10 Heavy Plow
15:15 Loom
16:18 Wheelbarrow
20:46 Scale Barding Armor
22:15 Bloodlines
23:56 Gold Mining
24:40 Chain Barding Armor
25:32 Husbandry
29:05 Imperial Age
28:39 Forging
29:16 Cavalier
30:37 Plate Barding Armor
30:39 Iron Casting
30:51 Paladin
32:54 Stone Mining
34:43 Hand Cart
Günyüzü
6:54 Feudal Age
7:03 Man-at-Arms
7:53 Long Swordsman
10:45 Scale Mail Armor
14:08 Forging
15:49 Double-Bit Axe
18:01 Horse Collar
22:37 Castle Age
20:32 Gold Mining
21:43 Wheelbarrow
22:01 Arson
23:14 Scale Barding Armor
23:10 Padded Archer Armor
23:04 Stone Mining
22:51 Two-Handed Swordsman
23:17 Gambesons
23:32 Squires
23:46 Bow Saw
23:37 Heavy Plow
25:41 Town Watch
27:29 Chain Mail Armor
31:16 Champion
33:03 Gold Shaft Mining
33:06 Iron Casting
33:08 Loom
33:39 Hand Cart
myth大帝110110110
2:22 Loom
5:37 Loom
7:52 Feudal Age
11:18 Castle Age
9:32 Double-Bit Axe
29:35 Wheelbarrow
29:31 Bow Saw
32:22 Hand Cart
Hope
4:31 Loom
8:05 Feudal Age
17:55 Double-Bit Axe
17:51 Horse Collar
26:45 Castle Age
25:18 Fletching
26:49 Padded Archer Armor
27:25 Bodkin Arrow
28:25 Bow Saw
28:16 Heavy Plow
28:22 Heavy Plow
28:10 Crossbowman
33:43 Ballistics
34:22 Leather Archer Armor
JRazzz
8:16 Feudal Age
11:59 Castle Age
9:55 Double-Bit Axe
10:25 Horse Collar
12:25 Wheelbarrow
13:10 Bow Saw
21:24 Scale Barding Armor
21:29 Forging
26:48 Imperial Age
25:25 Bloodlines
25:15 Husbandry
26:23 Chain Barding Armor
26:43 Iron Casting
26:21 Gold Mining
26:21 Stone Mining
26:34 Heavy Plow
29:21 Blast Furnace
M-A
8:52 Feudal Age
9:09 Loom
13:05 Castle Age
11:11 Double-Bit Axe
11:21 Horse Collar
caio_pantaneiro
2:23 Loom
8:15 Feudal Age
12:54 Castle Age
11:47 Double-Bit Axe
23:42 Bow Saw
31:14 Chemistry
30:36 Fervor
30:18 Horse Collar
31:35 Wheelbarrow
31:44 Ballistics
Connection lost

Rejoining the realm…

Still unreachable

The connection could not be restored.

Session expired

The server has moved on; the page needs a fresh start.